Cogmind - Beta 16 @@@ ROGUE MODE // 2025.11.11 @ 16:20:05 Player: k1ll3rb0t Result: Destroyed by G-67 Veteran with Plasma Rifle Performance ------------- Evolutions (4) 2000 Regions Visited (13) 2600 Robots Destroyed (345) 1725 Value Destroyed (15845) 15845 Prototype IDs (12) 240 Alien Tech Used (0) 0 Bonus (6274) 6274 TOTAL SCORE: 28684 Bonus ------- High Alert Combat Kills 4974 Entered Garrisons 800 Entered DSFs 500 Cogmind --------- Core Integrity 0/850 Matter 254/300 Energy 100/100 System Corruption 20% Temperature Cool (12) Movement Hovering (60) Location -6/Factory Parts ------- > --- POWER (1) -------- (None) > --- PROPULSION (6) --- Gravmag System > --- UTILITY (5) ------ (None) > --- WEAPON (3) ------- Chainsword > --- INVENTORY (5) ---- Wheel Energy Well (350) Improved Shield Generator Drone Bay (2/2) Improved Proton Missile Launcher Peak State ------------ > --- POWER ------------ Light Antimatter Reactor > --- PROPULSION ------- Light Treads Light Treads Medium Treads Medium Treads Armored Heavy Treads > --- UTILITY ---------- Advanced Heat Sink Huge Storage Unit Machine Analyzer Core Analyzer Improved Core Shielding > --- WEAPON ----------- Plasma Cannon Heavy Neutron Cannon Hypervelocity Mass Driver > --- INVENTORY -------- Light Fission Core Light Antimatter Reactor Armored Huge Wheel Armored Huge Wheel Coolant Injector Matter Compressor Structural Scanner Improved Phase Shifter Improved Core Shielding Improved Shield Generator Authchip [Device] High-powered Tractor Beam Phase Cannon Heavy Plasma Cannon Advanced Assault Cannon Magnetic Acceleration Cannon Heavy Gauss Cannon Mini Grenade Launcher Plasma Cutter Chainsword [Rating: 79] Favorites ----------- Power Improved Ion Engine Engine Improved Ion Engine Reactor Light Antimatter Reactor Propulsion Light Treads Treads Light Treads Leg Aluminum Leg Wheel Armored Wheel Hover Unit Gravmag System Utility Huge Storage Unit Device Improved Heat Sink Storage Huge Storage Unit Processor Machine Analyzer Hackware Authchip [Propulsion] Protection Hardened Light Armor Plating Weapon Heavy Particle Cannon Energy Gun Heavy Particle Gun Energy Cannon Heavy Particle Cannon Ballistic Gun Gauss Rifle Ballistic Cannon Advanced Assault Cannon Launcher Mini Grenade Launcher Special Weapon Mining Laser Slashing Weapon Katana Build | -11 -10 -9 -9 -9 -8 -8 -8 -8 -7 -7 -6 -6 -6 ------- Run | Yrd Mat Mat Sto Gar Mat Gar Mat Gar Fac DSF Fac Gar Fac Slots Evolved 8 | . . 2 . . 2 . . . 2 . 2 . . Power . | . . . . . . . . . . . . . . Propulsion 4 | . . 1 . . 1 . . . 1 . 1 . . Utility 3 | . . 1 . . . . . . 1 . 1 . . Weapon 1 | . . . . . 1 . . . . . . . . Parts Attached 199 | 7 17 11 7 7 25 11 12 6 2 7 38 27 22 Power 25 | 1 2 . 2 2 5 1 1 . . 1 3 4 3 Engine 22 | 1 2 . 2 2 5 1 1 . . 1 3 2 2 Core . | . . . . . . . . . . . . . . Reactor 3 | . . . . . . . . . . . . 2 1 Propulsion 77 | 2 5 4 4 3 7 4 7 3 1 2 16 9 10 Treads 60 | . 3 3 3 3 7 4 7 3 1 2 10 9 5 Leg 4 | 2 1 . . . . . . . . . . . 1 Wheel 11 | . 1 1 1 . . . . . . . 6 . 2 Hover 2 | . . . . . . . . . . . . . 2 Flight . | . . . . . . . . . . . . . . Utility 49 | 1 5 3 . 1 5 2 3 1 1 2 12 8 5 Device 21 | . 4 . . . 2 1 1 1 . 1 4 5 2 Storage 3 | 1 1 1 . . . . . . . . . . . Processor 5 | . . . . . . . . . 1 . 1 1 2 Hackware 3 | . . . . . . . . . . . 3 . . Protection 17 | . . 2 . 1 3 1 2 . . 1 4 2 1 Artifact . | . . . . . . . . . . . . . . Weapon 48 | 3 5 4 1 1 8 4 1 2 . 2 7 6 4 Energy Gun 8 | 3 1 3 . . 1 . . . . . . . . Energy Cannon 15 | . 2 1 1 . 2 1 1 . . 1 2 2 2 Ballistic Gun 3 | . . . . . 2 . . . . . . . 1 Ballistic Cannon 13 | . . . . . 2 1 . 1 . 1 4 4 . Launcher 6 | . 1 . . 1 1 1 . 1 . . . . 1 Special Weapon 1 | . 1 . . . . . . . . . . . . Impact Weapon . | . . . . . . . . . . . . . . Slashing Weapon 2 | . . . . . . 1 . . . . 1 . . Piercing Weapon . | . . . . . . . . . . . . . . Special Melee Weapon . | . . . . . . . . . . . . . . Unidentified Prototypes 10 | . . 3 . . 3 . . . . . 1 1 2 Parts Lost 89 | . 1 2 1 2 15 4 . 4 . 4 19 18 19 Power 9 | . 1 . 1 . 1 1 . . . . 3 1 1 Propulsion 43 | . . 1 . . 7 3 . 2 . . 10 10 10 Utility 17 | . . . . 1 4 . . . . 1 4 3 4 Weapon 20 | . . 1 . 1 3 . . 2 . 3 2 4 4 Highest Loss Streak 17 | . 1 1 1 1 7 1 . 2 . 4 6 5 17 To Critical Strikes 2 | . . 1 . . . . . . . . . 1 . Average Backups 22 | 4 11 22 24 24 23 24 24 24 21 23 22 22 22 Power 1 | . . 1 1 2 1 1 . 1 2 1 1 2 1 Propulsion 4 | 2 5 8 8 8 5 3 6 5 4 3 2 2 3 Utility 7 | . 1 3 4 4 5 6 7 8 7 11 11 8 8 Weapon 8 | . 4 8 9 8 9 11 9 8 7 5 6 8 7 Tool/Special . | . . . . . . . . . . . . . . Unused Backups 63 | . 1 8 5 1 6 6 4 . . 6 9 5 12 Power 12 | . . 2 1 . 1 . 1 . . 2 2 3 . Propulsion 12 | . 1 . 1 . . 4 2 . . . 4 . . Utility 20 | . . 1 . . 2 2 1 . . 4 2 . 8 Weapon 18 | . . 5 3 1 3 . . . . . 1 2 3 Tool/Special 1 | . . . . . . . . . . . . . 1 Average Slot Usage (%) 97 | . 99 99 100 99 99 99 100 99 99 99 98 90 90 Engine 7 | . 14 11 11 11 8 9 9 9 7 7 5 2 4 Treads 29 | . 8 24 22 22 35 35 36 36 38 38 29 31 31 Wheel 3 | . 1 8 11 11 . . . . . . 9 . . Device 10 | . 14 17 12 11 11 9 12 9 7 8 9 6 11 Storage 8 | . 14 11 11 11 9 9 9 9 7 7 6 6 5 Processor 4 | . . . . . . . . . 6 7 10 13 11 Protection 5 | . . 4 9 10 6 9 5 9 7 5 4 5 2 Energy Gun 1 | . 5 10 8 1 2 . . . . . . . . Energy Cannon 10 | . 20 11 13 15 14 9 15 9 7 12 8 6 6 Ballistic Gun 1 | . . . . . 4 5 . . . . . . 2 Ballistic Cannon 5 | . . . . . 1 5 9 14 15 5 6 8 6 Launcher 1 | . 1 . . 4 4 1 . 3 . 3 . . . Slashing Weapon 1 | . . . . . . 5 1 . . . 3 2 3 Peak Build Rating 79 | 6 13 22 23 23 29 30 30 30 36 44 66 79 79 Average Rating 40 | 5 10 18 22 21 26 28 28 29 35 39 53 73 70 On Entrance 29 | . 6 13 21 22 23 27 28 30 30 36 43 65 73 Avg Prop Armor Cover (%) 12 | . 13 16 16 15 . . . . . . 6 . 11 Naked Turns 10 | . . . . . . . . . . . . . 10 Heaviest Build 136 | 11 32 96 101 101 113 110 116 116 116 127 134 136 127 Greatest Support 160 | 20 40 60 16 20 80 80 83 83 105 107 144 160 140 Greatest Overweight (x) 13 | . 1 5 8 8 1 1 1 1 1 1 13 1 6 Average Overweight (x) 1 | . . 3 6 7 1 1 1 1 1 . . . . Largest Inventory Capacity 25 | 8 15 25 25 25 25 25 25 25 25 25 25 25 25 Average Capacity 24 | 7 12 23 25 25 25 25 25 25 25 25 25 25 24 Most Carried 25 | 8 15 25 25 25 25 25 25 25 25 25 25 25 25 Average Carried 23 | 4 11 22 24 24 23 24 24 24 22 24 24 23 24 Final Capacity 25 | 8 15 25 25 25 25 25 25 25 25 25 25 25 5 Final Carried 25 | 8 15 25 25 25 24 24 25 23 25 25 24 25 5 Class Distribution -------------------- 41% | Scavenger-Mutant 33% | Scavenger-Tank 11% | Mutant 7% | Scavenger-Gunner Dominant Class ---------------- Mutant | -10/Materials Mutant | -9/Materials Scavenger-Mutant | -9/Storage Scavenger-Mutant | -9/Garrison Scavenger-Tank | -8/Materials Scavenger-Mutant | -8/Garrison Scavenger-Tank | -8/Materials Scavenger-Tank | -8/Garrison Scavenger-Tank | -7/Factory Tank | -7/DSF Scavenger-Mutant | -6/Factory Scavenger-Tank | -6/Garrison Scavenger-Mutant | -6/Factory Resources | -11 -10 -9 -9 -9 -8 -8 -8 -8 -7 -7 -6 -6 -6 ----------- Run | Yrd Mat Mat Sto Gar Mat Gar Mat Gar Fac DSF Fac Gar Fac Matter Collected 8152 | 226 279 203 160 325 878 518 493 519 . 359 1890 1347 955 Remotely 607 | . . . . . . . . . . . 328 . 279 Salvage Created 13415 | 28 631 630 923 742 1986 652 761 660 . 450 2755 1276 1921 Parts 687 | 3 35 25 40 68 113 43 27 23 . 10 146 68 86 Haulers Intercepted 7 | . 2 1 2 . . . . . . . 2 . . Recyclers Shooed 13 | . 1 1 1 . . . . . . . 4 . 6 Parts Field Recycled . | . . . . . . . . . . . . . . Retrieved Matter . | . . . . . . . . . . . . . . Parts Self-Destructed . | . . . . . . . . . . . . . . Prevented . | . . . . . . . . . . . . . . Parts Restored . | . . . . . . . . . . . . . . Kills | -11 -10 -9 -9 -9 -8 -8 -8 -8 -7 -7 -6 -6 -6 ------- Run | Yrd Mat Mat Sto Gar Mat Gar Mat Gar Fac DSF Fac Gar Fac Combat Hostiles Destroyed 290 | . 11 14 17 33 46 18 18 23 . 9 46 27 28 Melee 15 | . . . . . . 7 . . . . 3 3 2 Guns 28 | . 3 3 7 . 9 . . . . . . . 6 Cannons 164 | . 6 7 8 10 27 4 16 14 . 4 33 20 15 AOE 76 | . 2 3 . 23 10 6 1 9 . 5 10 4 3 Classes Destroyed 20 | 1 4 1 2 1 5 2 . . . 1 1 1 1 Worker 11 | . . . . . 2 . 1 . . . 4 . 4 Builder 12 | . . . 1 . 5 . . . . . 5 . 1 Tunneler 4 | 1 . . . . . . 1 . . . 1 . 1 Hauler 7 | . 2 1 2 . . . . . . . 2 . . Recycler 12 | . 2 1 . . 2 . . . . . 5 . 2 Mechanic 2 | . . . . . 1 . . . . . . . 1 Operator 1 | . . . 1 . . . . . . . . . . Watcher 6 | . . . . 1 2 . . . . . 2 . 1 Swarmer 56 | . 3 3 . 15 12 4 . . . 4 8 4 3 Cutter 5 | . . . . . . . . . . . 3 2 . Saboteur 1 | . . . . . . . . . . . . . 1 Grunt 121 | . 8 5 11 12 22 . 13 13 . 2 15 5 15 Brawler 5 | . . . . . 2 . 1 1 . . . 1 . Duelist 3 | . . . . . 1 . 1 1 . . . . . Sentry 49 | . . 6 6 6 7 7 3 2 . . 3 6 3 Specialist 3 | . . . . . . 1 . . . 1 . 1 . Hunter 16 | . . . . . 2 3 . 2 . . 8 1 . Programmer 26 | . . . . . . 3 . 4 . 1 7 6 5 Heavy 3 | . . . . . . . . . . 1 2 . . Executioner 1 | . . . . . . . . . . . . 1 . Thug 1 | . . . . . . . . . . . . . 1 Best Kill Streak 16 | 1 6 4 5 16 13 4 5 10 . 4 7 4 16 Combat Bots Only 16 | . 5 3 4 16 9 4 5 10 . 4 5 4 13 Max Kills in Single Turn 5 | 1 2 2 1 4 5 3 2 2 . 2 4 2 3 Gunslinging 1 | . . . . . 1 . . . . . . . . Exploded 4 | . 2 2 . 4 3 3 1 2 . 2 3 2 2 Melee 1 | . . . . . . 1 . . . . 1 1 1 Uniques/NPCs Destroyed . | . . . . . . . . . . . . . . Combat | -11 -10 -9 -9 -9 -8 -8 -8 -8 -7 -7 -6 -6 -6 -------- Run | Yrd Mat Mat Sto Gar Mat Gar Mat Gar Fac DSF Fac Gar Fac Hostile Shots Fired 1935 | . 64 35 59 69 234 89 60 90 . 56 319 457 403 Missed 556 | . 19 7 18 19 47 24 18 34 . 18 99 112 141 Hits 1379 | . 45 28 41 50 187 65 42 56 . 38 220 345 262 Melee 11 | . . . . . . . 1 . . . 5 3 2 Projectile 1368 | . 45 28 41 50 187 65 41 56 . 38 215 342 260 AOE 3 | . . . . . 1 . . . . . . 2 . Critical Strikes 47 | . 3 2 2 . 7 1 1 5 . 5 7 7 7 Part Disruptions 2 | . . . . . . . . . . . 1 . 1 Damage Taken 19336 | . 565 309 571 586 2932 1010 684 1003 . 697 3620 3782 3577 Core 1687 | . 70 46 82 62 249 92 68 65 . 101 127 199 526 Absorbed by Shields . | . . . . . . . . . . . . . . Reduced by Siege Mode 148 | . . . . . . . . . . . . 148 . Ignored by Resistances 798 | . . . . . . . . . . 165 551 82 . Core Remaining (%) 64 | 100 72 . . 52 . . . 13 . 85 . . . Volleys Fired 711 | 6 32 32 58 67 106 38 37 46 . 38 113 75 63 Largest 3 | 2 2 2 2 2 3 3 3 3 . 3 3 3 3 Hottest 235 | 80 136 136 136 136 180 140 187 149 . 187 190 235 213 Shots Fired 1482 | 12 60 60 111 88 247 71 99 104 . 63 271 150 146 Gun 252 | 12 22 26 52 3 98 16 . . . . . . 23 Cannon 1127 | . 34 31 59 62 139 47 96 83 . 53 262 144 117 Launcher 102 | . 3 3 . 23 10 8 3 21 . 10 9 6 6 Special 1 | . 1 . . . . . . . . . . . . Kinetic 495 | . . . . . 117 30 37 40 . 13 115 75 68 Thermal 877 | 12 49 57 111 65 120 33 59 43 . 40 147 69 72 Explosive 96 | . 3 3 . 23 10 8 3 21 . 10 9 6 . Electromagnetic 14 | . 8 . . . . . . . . . . . 6 Robot Hit Streak 34 | 5 10 12 12 9 34 15 18 19 . 12 12 24 13 Robot Miss Streak 6 | 1 2 2 5 3 3 2 3 6 . 2 6 5 4 Penetration Max 1 | . . . . . . 1 . . . . . . 1 Secondary Targets 2 | . 1 . . . 1 . . . . . . . . Max Gunslinging Chain 1 | . 1 . . . 1 . . . . . . . . Shots Hit Robots 901 | 9 39 37 73 28 155 60 65 55 . 28 163 107 82 Core Hits 571 | 1 23 17 22 40 103 23 52 67 . 17 99 47 60 Critical Kills 6 | . . 1 . . . 1 1 . . . . 3 . Critical Parts Destroyed 10 | . . . . . 2 . . . . . . 5 3 Critical Strikes 38 | . . 3 1 . 2 3 1 . . . 7 15 6 Burn 3 | . . 2 1 . . . . . . . . . . Meltdown 3 | . . 1 . . . 1 1 . . . . . . Destroy 13 | . . . . . 2 . . . . . . 8 3 Blast 14 | . . . . . . 1 . . . . 6 4 3 Sever 5 | . . . . . . 1 . . . . 1 3 . Melee Attacks 146 | . . . . . . 27 1 . . 3 36 40 39 Impact . | . . . . . . . . . . . . . . Slashing 146 | . . . . . . 27 1 . . 3 36 40 39 Piercing . | . . . . . . . . . . . . . . Sneak Attacks 12 | . . . . . . . . . . . 8 1 3 Combat Hostiles 2 | . . . . . . . . . . . 2 . . Follow-up Attacks . | . . . . . . . . . . . . . . Damage Inflicted 32397 | 111 812 984 1431 2048 4649 2016 1745 2446 . 1326 6637 4074 4118 Guns 3150 | 111 203 348 735 19 1108 212 . . . . . . 414 Cannons 17606 | . 429 390 696 497 2280 569 1547 1292 . 794 4263 2673 2176 Explosions 8766 | . 172 246 . 1532 1246 503 164 1153 . 532 1713 313 1192 Melee 2774 | . . . . . . 732 34 . . . 611 1088 309 Ramming 101 | . 8 . . . 15 . . 1 . . 50 . 27 Kinetic 8065 | . . . . . 1378 376 562 739 . 282 1828 1570 1330 Thermal 13458 | 111 550 738 1431 516 2010 405 985 553 . 512 3076 1158 1413 Explosive 6804 | . 172 246 . 1532 1172 503 164 1153 . 532 1072 258 . Electromagnetic 1195 | . 82 . . . 74 . . . . . . . 1039 Impact . | . . . . . . . . . . . . . . Slashing 2774 | . . . . . . 732 34 . . . 611 1088 309 Piercing . | . . . . . . . . . . . . . . Highest Corruption 20 | . . . . . 1 1 1 6 . 1 9 18 20 Average Corruption 8 | . . . . . 1 1 1 2 . 1 4 14 18 Corruption Purged . | . . . . . . . . . . . . . . Corruption Blocked . | . . . . . . . . . . . . . . Effects 277 | . . . . . 4 11 7 12 . 2 67 68 106 Message Errors 78 | . . . . . 2 5 5 2 . 1 22 19 22 Matter Fused 63 | . . . . . 1 3 . 3 . . 11 17 28 Heat Flow Errors 23 | . . . . . . . 1 1 . 1 6 3 11 Energy Discharges 21 | . . . . . . 1 . . . . 7 4 9 Parts Rejected 3 | . . . . . . 1 . . . . 2 . . Parts Fused 5 | . . . . . . . . 1 . . . 2 2 Data Loss (minor) 33 | . . . . . . 1 . 3 . . 8 9 12 Data Loss (major) 13 | . . . . . 1 . . 1 . . 5 1 5 Misfires 15 | . . . . . . . . 1 . . 3 7 4 Alerts 5 | . . . . . . . . . . . 1 . 4 Misdirections 5 | . . . . . . . . . . . . 2 3 Weapon Failures 13 | . . . . . . . 1 . . . 2 4 6 Overload Shots . | . . . . . . . . . . . . . . Overflow Damage 668 | . . . 10 32 32 68 . 1 . 32 250 61 182 Projectiles 302 | . . . 10 . 19 3 . . . . 129 61 80 Explosions 320 | . . . . 32 13 49 . 1 . 32 91 . 102 Melee 46 | . . . . . . 16 . . . . 30 . . Knockbacks 66 | . . . . . 5 2 14 14 . . 14 9 8 Impact . | . . . . . . . . . . . . . . Kinetic 62 | . . . . . 5 2 13 14 . . 12 9 7 Secondary 4 | . . . . . . . 1 . . . 2 . 1 Self-Inflicted Damage 453 | . 45 . . 1 6 . . 176 . . 168 33 24 Shots 15 | . 1 . . 1 1 . . 7 . . 2 1 2 Rammed 14 | . 2 . . . 4 . . 1 . . 4 . 3 Targets Rammed 14 | . 2 . . . 4 . . 1 . . 4 . 3 Kicked . | . . . . . . . . . . . . . . Crushed . | . . . . . . . . . . . . . . Highest Temperature 292 | 108 236 93 225 186 284 182 292 220 . 265 252 259 247 Average Temperature 71 | 56 93 27 59 31 98 48 93 50 . 58 74 59 91 Received Heat Transfer 5881 | . 315 102 252 93 1539 171 351 315 . 72 663 717 1291 Effects 6 | . . . . . 1 . . . . . . 5 . Energy Bleed 2 | . . . . . 1 . . . . . . 1 . Interference 4 | . . . . . . . . . . . . 4 . Siege Activations 1 | . . . . . . . . . . . . 1 . Total Turns 56 | . . . . . . . . . . . . 56 . Longest Duration 56 | . . . . . . . . . . . . 56 . Martial Activations . | . . . . . . . . . . . . . . Shielding Activations . | . . . . . . . . . . . . . . Robots Disrupted . | . . . . . . . . . . . . . . Combat Hostiles . | . . . . . . . . . . . . . . Robots Corrupted 2 | . . . . . . . . . . . . . 2 Combat Hostiles 2 | . . . . . . . . . . . . . 2 Parts Fried 2 | . . . . . . . . . . . . . 2 Impact Corruptions . | . . . . . . . . . . . . . . Robots Melted 5 | . . 1 2 . . 1 1 . . . . . . Combat Hostiles 5 | . . 1 2 . . 1 1 . . . . . . Parts Melted 33 | 1 . 7 7 . 2 2 4 . . . 6 1 3 Heat Transferred 19814 | 250 1052 1517 2775 888 3256 555 1443 777 . 740 3743 724 2094 Parts Sabotaged 3 | . . . . . . . . . . . . . 3 Parts Stolen . | . . . . . . . . . . . . . . Parts Stripped . | . . . . . . . . . . . . . . Power Chain Reactions 4 | . . . . . 1 . . . . . . 1 2 Alert | -11 -10 -9 -9 -9 -8 -8 -8 -8 -7 -7 -6 -6 -6 ------- Run | Yrd Mat Mat Sto Gar Mat Gar Mat Gar Fac DSF Fac Gar Fac Maximum Alert Level 5 | . . . 1 4 4 4 3 4 3 2 4 5 4 Low Security (%) 13 | 100 100 100 41 8 . . . . . . . . . Level 1 11 | . . . 58 23 . . . . . . 33 . . Level 2 19 | . . . . 4 76 . 25 13 44 100 31 . . Level 3 35 | . . . . 53 19 54 75 38 55 . 18 25 92 Level 4 17 | . . . . 9 3 45 . 47 . . 16 52 7 Level 5 2 | . . . . . . . . . . . . 22 . High Security . | . . . . . . . . . . . . . . Max Security . | . . . . . . . . . . . . . . Sterilizations 1 | . . . . . . . . . . 1 . . . Peak Influence 1934 | 5 133 144 264 1214 1194 1338 929 1382 725 670 1205 1934 1297 Initial 1015 | . . 45 50 141 591 770 651 588 725 472 351 821 1015 Average 726 | . 48 74 179 707 662 1081 754 1037 702 573 652 1297 900 Influence Increases 10219 | 5 374 450 551 1113 1327 628 604 834 . 238 1705 1293 1097 Destroy 0b10 Robot/C 5800 | . 220 280 340 660 920 360 360 460 . 180 920 540 560 Destroy 0b10 Robot/NC 290 | 5 20 10 20 5 60 . 10 . . . 95 15 50 Destroy Leader 1034 | . 54 82 104 30 174 10 100 30 . 30 248 50 122 Allied During Kill 5 | . . . . 4 . 1 . . . . . . . Successful Hack 199 | . 15 24 20 30 16 21 5 . . . 43 14 11 Select Force Hacks 80 | . . . . . . . 60 . . . 20 . . Disable Machine 615 | . 30 . 45 15 75 45 15 75 . 15 105 60 135 Anti-Garrison Action 1000 | . . . . 250 . 100 . 200 . . . 450 . Destroy Structure 851 | . 20 24 7 119 82 91 39 69 . 13 139 149 99 Partial Spotted 30 | . . . . . . . . . . . . . 30 Lose Combat Pursuer 315 | . 15 30 15 . . . 15 . . . 135 15 90 Influence Decreases 8929 | 5 265 440 453 116 1356 475 1037 357 707 243 1202 532 1741 Entered New Map 4701 | . . 64 69 76 623 415 687 317 657 203 319 352 919 Time Decay 3298 | 5 255 356 374 . 583 . 350 . 50 . 693 . 632 Lost Part 890 | . 10 20 10 20 150 40 . 40 . 40 190 180 190 Lost Ally 40 | . . . . 20 . 20 . . . . . . . Squads Dispatched 49 | . 2 . 3 . 10 . 6 . . 1 15 . 12 Investigation 11 | . 2 . . . 3 . 3 . . . 2 . 1 Extermination 12 | . . . . . . . . . . . 7 . 5 Reinforcement 13 | . . . 2 . 1 . 1 . . 1 6 . 2 Assault 5 | . . . . . 2 . . . . . . . 3 Garrison 8 | . . . 1 . 4 . 2 . . . . . 1 Intercept . | . . . . . . . . . . . . . . Searches Triggered . | . . . . . . . . . . . . . . Construction Impeded 5 | . . . . . 1 . . . . . 2 . 2 Haulers Reinforced . | . . . . . . . . . . . . . . Active Scanning Responses . | . . . . . . . . . . . . . . Cargo Convoy Interrupts 1 | . . . . . . . . . . . 1 . . Stealth | -11 -10 -9 -9 -9 -8 -8 -8 -8 -7 -7 -6 -6 -6 --------- Run | Yrd Mat Mat Sto Gar Mat Gar Mat Gar Fac DSF Fac Gar Fac Distress Signals 21 | . 1 1 3 . 6 . 2 . . . 3 . 5 Communications Jammed . | . . . . . . . . . . . . . . Distress Signals . | . . . . . . . . . . . . . . Times Spotted 401 | . 24 22 24 32 69 15 23 22 . 9 74 29 58 Peak Tracking Total 12 | . 7 5 5 6 8 4 3 5 . 4 7 5 12 Tactical Retreats 16 | . 1 1 1 . . . 1 . . . 7 1 4 Traps | -11 -10 -9 -9 -9 -8 -8 -8 -8 -7 -7 -6 -6 -6 ------- Run | Yrd Mat Mat Sto Gar Mat Gar Mat Gar Fac DSF Fac Gar Fac Traps Triggered 17 | . 1 . . 4 . 1 . 3 . . 4 2 2 Indirectly . | . . . . . . . . . . . . . . Trap Hack Attempts . | . . . . . . . . . . . . . . Triggered . | . . . . . . . . . . . . . . Disarmed . | . . . . . . . . . . . . . . Reprogrammed . | . . . . . . . . . . . . . . Reused . | . . . . . . . . . . . . . . Traps Extracted . | . . . . . . . . . . . . . . Installed . | . . . . . . . . . . . . . . Triggered . | . . . . . . . . . . . . . . Machines | -11 -10 -9 -9 -9 -8 -8 -8 -8 -7 -7 -6 -6 -6 ---------- Run | Yrd Mat Mat Sto Gar Mat Gar Mat Gar Fac DSF Fac Gar Fac Machines Disabled 55 | . 2 . 3 4 5 5 1 8 . 1 7 10 9 Max in Single Turn 4 | . 1 . 1 1 2 1 1 2 . 1 3 1 4 Garrison Relay 15 | . . . . 3 . 2 . 3 . . . 7 . Machines Repaired . | . . . . . . . . . . . . . . Machines Dismantled . | . . . . . . . . . . . . . . Machines Sabotaged . | . . . . . . . . . . . . . . Overloaded Fab Kills . | . . . . . . . . . . . . . . Hacking | -11 -10 -9 -9 -9 -8 -8 -8 -8 -7 -7 -6 -6 -6 --------- Run | Yrd Mat Mat Sto Gar Mat Gar Mat Gar Fac DSF Fac Gar Fac Machines Accessed 63 | . 8 4 5 3 7 2 6 1 1 . 14 1 11 Terminals 43 | . 8 3 4 3 5 2 2 1 1 . 7 1 6 Fabricators 6 | . . . . . . . . . . . 3 . 3 Repair Stations . | . . . . . . . . . . . . . . Recycling Units 3 | . . . . . . . 2 . . . . . 1 Scanalyzers 7 | . . 1 . . 1 . 1 . . . 3 . 1 Garrison Access 4 | . . . 1 . 1 . 1 . . . 1 . . Total Hacks 156 | . 20 12 16 6 18 2 14 2 2 . 33 3 28 Successful 64 | . 5 8 7 2 9 2 7 . 1 . 14 1 8 Failed 92 | . 15 4 9 4 9 . 7 2 1 . 19 2 20 Catastrophic 25 | . 4 2 2 1 3 . 2 1 . . 4 . 6 Database Lockouts . | . . . . . . . . . . . . . . Manual 59 | . 10 6 8 . 5 . 8 . . . 11 . 11 Terminals 105 | . 20 10 13 6 13 2 6 2 2 . 13 3 15 Fabricators 20 | . . . . . . . . . . . 11 . 9 Repair Stations . | . . . . . . . . . . . . . . Recycling Units 6 | . . . . . . . 3 . . . . . 3 Scanalyzers 18 | . . 2 . . 4 . 3 . . . 8 . 1 Garrison Access 7 | . . . 3 . 1 . 2 . . . 1 . . Terminal Hacks 30 | . 5 5 5 2 4 2 1 . 1 . 1 1 3 Part Schematic 2 | . . . 2 . . . . . . . . . . Robot Analysis 2 | . . . 1 . 1 . . . . . . . . Prototype ID Bank 1 | . . 1 . . . . . . . . . . . Open Door 1 | . . . . . . 1 . . . . . . . Open DSF 1 | . . . . . . . . . 1 . . . . Branch Access Points 1 | . . 1 . . . . . . . . . . . Emergency Access Points 3 | . . . . 1 . 1 . . . . . 1 . Terminal Index 1 | . . . . . 1 . . . . . . . . Alert Level 2 | . . . 2 . . . . . . . . . . Locate Traps 3 | . 3 . . . . . . . . . . . . Recall Reinforcements 1 | . . . . . . . . . . . . . 1 Hauler Manifests 5 | . 1 1 . . 1 . . . . . 1 . 1 Registered Components 5 | . 1 1 . . 1 . 1 . . . . . 1 Zone Layout 1 | . . 1 . . . . . . . . . . . Security Stations 1 | . . . . 1 . . . . . . . . . Fabricator Hacks 9 | . . . . . . . . . . . 7 . 2 Network Status 1 | . . . . . . . . . . . 1 . . Load Schematic 4 | . . . . . . . . . . . 2 . 2 Build 4 | . . . . . . . . . . . 4 . . Repair Station Hacks . | . . . . . . . . . . . . . . Recycling Unit Hacks . | . . . . . . . . . . . . . . Scanalyzer 11 | . . 2 . . 3 . 2 . . . 4 . . Insert Component 2 | . . . . . . . 1 . . . 1 . . Analyze 2 | . . . . . . . 1 . . . 1 . . Retrieve Study 7 | . . 2 . . 3 . . . . . 2 . . Garrison Access Hacks 4 | . . . 1 . 1 . 1 . . . 1 . . Unlock Access 4 | . . . 1 . 1 . 1 . . . 1 . . Unauthorized Hacks 10 | . . 1 1 . 1 . 3 . . . 1 . 3 Terminals 6 | . . 1 1 . 1 . 1 . . . . . 2 Botnet 6 | . . 1 1 . 1 . 1 . . . . . 2 Fabricators 1 | . . . . . . . . . . . 1 . . Download 1 | . . . . . . . . . . . 1 . . Repair Stations . | . . . . . . . . . . . . . . Recycling Units 3 | . . . . . . . 2 . . . . . 1 Reject 1 | . . . . . . . . . . . . . 1 Tunnel 2 | . . . . . . . 2 . . . . . . Scanalyzers . | . . . . . . . . . . . . . . Garrison Access . | . . . . . . . . . . . . . . Data Cores Recovered . | . . . . . . . . . . . . . . Used . | . . . . . . . . . . . . . . Hacking Detections 53 | . 7 3 5 3 7 1 3 1 1 . 10 1 11 Full Trace Events 10 | . 2 . . . 3 . 1 1 . . 1 1 1 Feedback Events 2 | . . . . . 1 . . . . . 1 . . Corruption 2 | . . . . . 1 . . . . . 1 . . Feedback Blocked . | . . . . . . . . . . . . . . Robot Schematics Acquired . | . . . . . . . . . . . . . . Robots Built . | . . . . . . . . . . . . . . Authchips . | . . . . . . . . . . . . . . Time . | . . . . . . . . . . . . . . Total Robot Build Rating . | . . . . . . . . . . . . . . Part Schematics Acquired 3 | . . . 2 . . . . . . . 1 . . Parts Built 6 | . . . . . . . . . . . 6 . . Authchips 3 | . . . . . . . . . . . 3 . . Time 397 | . . . . . . . . . . . 397 . . Total Part Build Rating 27 | . . . . . . . . . . . 27 . . Part Studies Acquired 6 | . . 1 . . 3 . . . . . 2 . . Parts Repaired . | . . . . . . . . . . . . . . Time . | . . . . . . . . . . . . . . Parts Recycled . | . . . . . . . . . . . . . . Recycled Matter . | . . . . . . . . . . . . . . Retrieved Matter . | . . . . . . . . . . . . . . Retrieved Components . | . . . . . . . . . . . . . . Parts Scanalyzed 2 | . . . . . . . 1 . . . 1 . . Part Schematics Acquired 1 | . . . . . . . . . . . 1 . . Parts Damaged . | . . . . . . . . . . . . . . Bothacking | -11 -10 -9 -9 -9 -8 -8 -8 -8 -7 -7 -6 -6 -6 ------------ Run | Yrd Mat Mat Sto Gar Mat Gar Mat Gar Fac DSF Fac Gar Fac Used RIF Installer . | . . . . . . . . . . . . . . Robots Hacked . | . . . . . . . . . . . . . . Non-combat . | . . . . . . . . . . . . . . Combat . | . . . . . . . . . . . . . . Robot Hacks Applied . | . . . . . . . . . . . . . . Relay Couplers Released 63 | . . . . 11 . 7 . 13 . . . 32 . Machine Destruction 63 | . . . . 11 . 7 . 13 . . . 32 . Fabnet Peak Effective % . | . . . . . . . . . . . . . . Robots Rewired 5 | . . . . 3 . 2 . . . . . . . Allies Hacked . | . . . . . . . . . . . . . . Hacks Repelled . | . . . . . . . . . . . . . . Allies | -11 -10 -9 -9 -9 -8 -8 -8 -8 -7 -7 -6 -6 -6 -------- Run | Yrd Mat Mat Sto Gar Mat Gar Mat Gar Fac DSF Fac Gar Fac Total Allies 5 | . . . . 3 . 2 . . . . . . . Largest Group 3 | . . . . 3 . 2 . . . . . . . Highest-Rated Group 51 | . . . . 15 . 51 . . . . . . . Highest-Rated Ally 31 | . . . . 5 . 31 . . . . . . . Initial Warlord ECA Mod 32 | . . . . . 6 6 10 10 12 12 21 21 32 Total Orders . | . . . . . . . . . . . . . . Ally Attacks 9 | . . . . 7 . 2 . . . . . . . Total Damage 100 | . . . . 43 . 57 . . . . . . . Kills . | . . . . . . . . . . . . . . Allies Corrupted . | . . . . . . . . . . . . . . Allies Melted . | . . . . . . . . . . . . . . Intel | -11 -10 -9 -9 -9 -8 -8 -8 -8 -7 -7 -6 -6 -6 ------- Run | Yrd Mat Mat Sto Gar Mat Gar Mat Gar Fac DSF Fac Gar Fac Active Infowar (turns) 8198 | . 595 423 142 . 467 . 284 . 108 447 2842 1574 1316 Sensors 657 | . . . . . . . . . . . . . 657 Terrain 1 | . . . . . . . . . . . . . 1 Structural 231 | . . . . . . . . . . . 231 . . Seismic 2420 | . 595 423 142 . 467 . 284 . . . 509 . . Machine Analysis 5629 | . . . . . . . . . 108 447 2842 1574 658 Robot Analysis Total 2 | . . . 1 . 1 . . . . . . . . Derelict Logs Recovered . | . . . . . . . . . . . . . . Drone Launches . | . . . . . . . . . . . . . . Drone Recoveries . | . . . . . . . . . . . . . . Exploration | -11 -10 -9 -9 -9 -8 -8 -8 -8 -7 -7 -6 -6 -6 ------------- Run | Yrd Mat Mat Sto Gar Mat Gar Mat Gar Fac DSF Fac Gar Fac Turns Passed 15945 | 98 819 804 878 1332 1802 1172 780 1065 109 447 2842 1589 2208 Spaces Moved 6322 | 56 430 332 322 490 582 382 242 374 45 134 1139 674 1120 Core 31 | 7 . . . . . . . . . . . . 24 Treads 4517 | . 108 84 . 17 582 382 242 374 45 134 820 674 1055 Legs 338 | 49 288 . . . . . . . . . . . 1 Wheels 1407 | . 34 248 322 473 . . . . . . 319 . 11 Hover 29 | . . . . . . . . . . . . . 29 Flight . | . . . . . . . . . . . . . . Fastest Speed 50 | 50 115 160 175 210 240 240 240 240 237 157 105 150 50 Average Speed 191 | 111 146 190 197 219 240 240 240 240 237 234 172 160 159 Slowest Speed 560 | 120 240 320 210 560 240 240 240 240 237 237 275 243 540 Overloaded Moves . | . . . . . . . . . . . . . . Propulsion Burnouts . | . . . . . . . . . . . . . . Robots Hopped . | . . . . . . . . . . . . . . Potential Cave-ins . | . . . . . . . . . . . . . . Cave-ins Triggered . | . . . . . . . . . . . . . . Exploration Rate (%) 45 | 4 62 27 55 79 58 47 27 48 2 87 35 75 29 Regions Visited 13 Branch Regions 1 Pre-discovered Areas 2 | . . . . . . . 2 . . . . . . Known Exits Taken 6 | . . 1 1 . 1 . 1 . 1 . 1 . . Unknown Exits Taken 2 | 1 1 . . . . . . . . . . . . Scrap Searched . | . . . . . . . . . . . . . . Spaces Dug 77 | . 1 . . . 6 . 2 . . . 31 1 36 Terrain Destroyed 692 | . 27 33 . 53 97 43 36 88 . 14 140 60 101 Melee 56 | . . . . . . . . . . . 23 1 32 Projectile 150 | . 1 . . 1 23 . 18 . . . 38 26 43 AOE 486 | . 26 33 . 52 74 43 18 88 . 14 79 33 26 Terrain Rammed . | . . . . . . . . . . . . . . Walls Destroyed . | . . . . . . . . . . . . . . Machines Disabled . | . . . . . . . . . . . . . . Actions | -11 -10 -9 -9 -9 -8 -8 -8 -8 -7 -7 -6 -6 -6 --------- Run | Yrd Mat Mat Sto Gar Mat Gar Mat Gar Fac DSF Fac Gar Fac Total 8650 | 76 556 445 456 659 795 537 363 453 48 209 1722 973 1358 Wait 677 | . 37 20 41 31 19 36 38 11 . . 284 98 62 Move 6314 | 55 430 331 322 489 582 381 242 373 44 133 1139 673 1120 Hop . | . . . . . . . . . . . . . . Pick Up 193 | 7 18 22 10 2 25 15 10 1 2 13 30 25 13 Fast Attach 63 | 7 3 5 1 . 5 3 . . . 2 24 7 6 Attach 87 | . 2 4 1 2 18 5 1 4 2 3 19 15 11 Detach 4 | 1 . 2 . . . . . . . . . 1 . Swap 207 | . 17 14 9 8 19 13 18 9 . 7 43 24 26 Drop 168 | . 16 15 14 5 17 15 16 2 . 10 28 15 15 Fire 711 | 6 32 32 58 67 106 38 37 46 . 38 113 75 63 Melee 146 | . . . . . . 27 1 . . 3 36 40 39 Ram . | . . . . . . . . . . . . . . Kick . | . . . . . . . . . . . . . . Crush 13 | . 1 . . . 4 . . 1 . . 4 . 3 Escape Stasis 40 | . . . . 32 . . . 6 . . 2 . . Rewire 27 | . . . . 23 . 4 . . . . . . . Trap . | . . . . . . . . . . . . . . Miscellaneous . | . . . . . . . . . . . . . . Route ------- -11/Scrapyard -10/Materials (discovered 4 exits: *Mat x2 / [*Min x2]) -9/Materials (discovered 5 exits: *Mat / Min x2 / *Sto x2) -9/Storage -9/Garrison (discovered 2 exits: *Mat x2) -8/Materials (discovered 2 exits: *Fac / Gar) -8/Garrison -8/Materials -8/Garrison -7/Factory -7/DSF -6/Factory (discovered 2 exits: *Fac / Gar) -6/Garrison (discovered 2 exits: *Fac x2) -6/Factory (discovered 1 exit: *Fac) History --------- Turn | Location | Event 7 | -11/Scrapyard | Discovered new exit (range 15) 99 | -11/Scrapyard | Entered Materials 276 | -10/Materials | Discovered new exit (range 9) 334 | -10/Materials | Build established: Mutant 362 | -10/Materials | Discovered new exit (range 11) 764 | -10/Materials | Discovered new exit (range 16) 823 | -10/Materials | Discovered new exit (range 12) 918 | -10/Materials | Entered another Materials area 918 | -9/Materials | Evolved 2 slots: Propulsion x1, Utility x1 1146 | -9/Materials | Discovered new exit (range 15) 1448 | -9/Materials | Discovered new exit (range 12) 1608 | -9/Materials | Discovered new exit (range 16) 1617 | -9/Materials | Identified exit to Mines 1617 | -9/Materials | Identified exit to Storage 1722 | -9/Materials | Entered Storage 1896 | -9/Storage | Build established: Scavenger-Mutant 2062 | -9/Storage | Garrison activated, responded to threat 2600 | -9/Storage | Identified exit to Garrison 2600 | -9/Storage | Entered Garrison 2707 | -9/Garrison | Triggered checkpoint 2772 | -9/Garrison | Triggered checkpoint 2915 | -9/Garrison | Triggered checkpoint 3043 | -9/Garrison | Triggered checkpoint 3081 | -9/Garrison | Triggered checkpoint 3107 | -9/Garrison | Destroyed 16 combat bots 3199 | -9/Garrison | Discovered new exit (range 14) 3278 | -9/Garrison | Triggered checkpoint 3335 | -9/Garrison | Learned Materials security intel 3388 | -9/Garrison | Garrison Relay disabled 3402 | -9/Garrison | Triggered checkpoint 3639 | -9/Garrison | Triggered checkpoint 3719 | -9/Garrison | Discovered new exit (range 10) 3794 | -9/Garrison | Triggered checkpoint 3860 | -9/Garrison | Garrison Relay disabled 3932 | -9/Garrison | Entered Materials 3932 | -8/Materials | Evolved 2 slots: Propulsion x1, Weapon x1 4383 | -8/Materials | Build established: Scavenger-Gunner 4861 | -8/Materials | Build established: Scavenger-Tank 5132 | -8/Materials | First assault squad dispatched 5137 | -8/Materials | Discovered new exit (range 16) 5257 | -8/Materials | Garrison activated, responded to threat 5320 | -8/Materials | Lost 7 parts (1p3n1u2w) 5332 | -8/Materials | Destroyed 9 combat bots 5422 | -8/Materials | Destroyed 7 combat bots 5446 | -8/Materials | Lost 4 parts (2n1u1w) 5674 | -8/Materials | Garrison activated, responded to threat 5734 | -8/Materials | Identified exit to Garrison 5734 | -8/Materials | Entered Garrison 5811 | -8/Garrison | Triggered checkpoint 5828 | -8/Garrison | Core integrity fell below 50% 5951 | -8/Garrison | Garrison Relay disabled 6098 | -8/Garrison | Triggered checkpoint 6342 | -8/Garrison | Triggered checkpoint 6489 | -8/Garrison | Build established: Scavenger-Mutant 6538 | -8/Garrison | Garrison Relay disabled 6651 | -8/Garrison | Discovered new exit (range 14) 6712 | -8/Garrison | P-60 Hacker assimilated allied 0K-ABH(g) 6906 | -8/Garrison | Entered Materials 7530 | -8/Materials | Garrison activated, responded to threat 7686 | -8/Materials | Identified exit to Garrison 7686 | -8/Materials | Entered Garrison 7788 | -8/Garrison | Triggered checkpoint 7832 | -8/Garrison | Garrison Relay disabled 7939 | -8/Garrison | Triggered checkpoint 7951 | -8/Garrison | Core integrity fell below 20% 7963 | -8/Garrison | Build established: Scavenger-Tank 8027 | -8/Garrison | Destroyed 10 combat bots 8173 | -8/Garrison | Triggered checkpoint 8214 | -8/Garrison | Garrison Relay disabled 8245 | -8/Garrison | Triggered checkpoint 8338 | -8/Garrison | Discovered new exit (range 10) 8390 | -8/Garrison | Triggered checkpoint 8431 | -8/Garrison | Triggered checkpoint 8751 | -8/Garrison | Entered Factory 8751 | -7/Factory | Evolved 2 slots: Propulsion x1, Utility x1 8791 | -7/Factory | Identified exit to DSF 8860 | -7/Factory | Entered DSF 8990 | -7/DSF | Additional patrols routed to DSF 9027 | -7/DSF | Lost 4 parts (1u3w) 9187 | -7/DSF | Sterilization system engaged 9207 | -7/DSF | Ambient heat levels rising (+10) 9222 | -7/DSF | Ambient heat levels rising (+10) 9237 | -7/DSF | Ambient heat levels rising (+10) 9252 | -7/DSF | Ambient heat levels rising (+10) 9264 | -7/DSF | Discovered new exit (range 14) 9267 | -7/DSF | Ambient heat levels rising (+10) 9282 | -7/DSF | Ambient heat levels rising (+10) 9297 | -7/DSF | Ambient heat levels rising (+10) 9307 | -7/DSF | Entered Factory 9307 | -6/Factory | Evolved 2 slots: Propulsion x1, Utility x1 9612 | -6/Factory | Build established: Scavenger-Mutant 10487 | -6/Factory | Lost 6 parts (1p4n1w) 10640 | -6/Factory | Fabricated Arm. Heavy Treads (x1) 10743 | -6/Factory | Discovered new exit (range 13) 10841 | -6/Factory | Fabricated Hvy. Neutron Cannon? 10972 | -6/Factory | Fabricated Adv. Treads (x2) 11059 | -6/Factory | Fabricated Adv. Treads (x2) 11473 | -6/Factory | Build established: Gunner 11936 | -6/Factory | Cargo convoy interrupted 12068 | -6/Factory | Build established: Scavenger-Mutant 12149 | -6/Factory | Identified exit to Garrison 12149 | -6/Factory | Entered Garrison 12179 | -6/Garrison | Triggered checkpoint 12211 | -6/Garrison | Garrison Relay disabled 12336 | -6/Garrison | Lost 3 parts (3n) 12408 | -6/Garrison | System corruption reached 10% 12453 | -6/Garrison | Lost 4 parts (2n1u1w) 12819 | -6/Garrison | Triggered checkpoint 12843 | -6/Garrison | Triggered checkpoint 12923 | -6/Garrison | Triggered checkpoint 13107 | -6/Garrison | Triggered checkpoint 13133 | -6/Garrison | Garrison Relay disabled 13152 | -6/Garrison | Discovered new exit (range 11) 13188 | -6/Garrison | Spotted Executioner 13211 | -6/Garrison | Destroyed Executioner 13220 | -6/Garrison | Spotted Striker 13236 | -6/Garrison | Lost 5 parts (1n1u3w) 13495 | -6/Garrison | Triggered checkpoint 13540 | -6/Garrison | Garrison Relay disabled 13655 | -6/Garrison | Discovered new exit (range 8) 13713 | -6/Garrison | Garrison Relay disabled 13715 | -6/Garrison | Garrison Relay disabled 13717 | -6/Garrison | Garrison Relay disabled 13738 | -6/Garrison | Entered Factory 13876 | -6/Factory | Discovered new exit (range 7) 13930 | -6/Factory | Build established: Scavenger-Tank 14037 | -6/Factory | Allied Derelicts emerged from ambush trap array 14856 | -6/Factory | Build established: Scavenger-Mutant 14871 | -6/Factory | Identified exit to Factory 15488 | -6/Factory | First assault squad dispatched 15771 | -6/Factory | Garrison activated, responded to threat 15834 | -6/Factory | Core integrity fell below 50% 15862 | -6/Factory | Destroyed 13 combat bots 15888 | -6/Factory | Core integrity fell below 20% 15890 | -6/Factory | Released all parts (5) 15915 | -6/Factory | Lost 17 parts (1p8n4u4w) 15946 | -6/Factory | Destroyed by G-67 Veteran with Plasma Rifle Last Messages --------------- 15904_ System corrupted: Matter fused (-7). 15916_ P-60 Hacker destroyed. 15920_ Acquired Gravmag System. 15922_ System corrupted: Matter fused (-9). 15922_ Acquired Gravmag System. 15925_ ALERT: Potential suspicious activity detected, Programmers report to Factory Zone 8Y. 15930_ Gravmag System destroyed. 15935_ Sneak attack on U-05 Engineer. 15935_ U-05 Engineer destroyed. 15936_ K-01 Serf collects debris. 15937_ U-05 Engineer builds a Wall. 15938_ Acquired 30 matter. 15939_ Acquired Wheel. 15946_ C-45 Heavy ARC bursts open, deploying its payload. 15946_ G-67 Veteran unfolds itself. 15946_ G-50 Soldier unfolds itself. 15946_ M-28 Smith unfolds itself. Map ----- +----------------------------------------------------+ | #####??????????+ + """ #?????????????? | | ?????????????????##### # """ #?????????????? | | ?????????????????????# # #?????????????? | | ?????????????????????# #! """ #?????????????? | | ??????????###????????# # """ #?????????????? | | ??????????# #????????# # """ #?????????????? | | ??????????# #????????# #! #?????????????? | | ?????######+###??????# ##########?????????????? | | ?????# #??????# ##?????????????????????? | | ?????# """ #??????# #??????????????????????? | | ?????# "T" #??????# #??????????????????????? | | ?????# #?###### u#??????????????????????? | | ?????# """""" + !*#??????????????????????? | | ?????# """""" ###########|#??????????????????????? | | ####?# """""" #?????????# #??????????????????????? | | "" #?# """""" #?????????#l#??????????????????????? | | ""!#?# #?????????#!#??????????????????????? | | ""!####/##+############## #??????????????????????? | | "" / #???######?????????????? | | #######+############## #??? ??????????????? | | !#???????# #???# #?? ?????????????? | | #???????# #???# #? ???????????? | | ! #???????# """""" #???# # """" ???????????? | | ####???????# """""" #####m#g """" ????????????? | | ???????????# """""" + g/g """" ????????????? | | ???????????# """""" # @# """" ?????????????? | | ???????????# # # """" ?????????????? | | ???????????# + # """" !??????????????? | | ???????????# ##### # """" ???????????#### | | ? #####+####???# # ????????????#### | | ? ######?# #? ????????????## | | ??????# ##### # ### ####+#/##########????# | | ???????????????# # *# T #????# | | ???????????????# " # #????# " | | ???????????????# # "" + #????# " | | ???????????????# # T" # ##??## | | ???????????????# # "" # ######## | | ???????????????# # # # /* | | ???????????????# ###### " " " " " " " " # /** | | ???????????????# " " " " " " " " # /* | | ???????????????# " " " " " " " " # | | | ???????????????? " " " " " " " " # | | ???????????????? " " " " " " " " + """ "" | | ???????????????? % " " " " " " " " # """ "" | | ????????????????#### " " " " " " " " # """ "" | | ???????????????????# " " " " " " " " ######## | | ???????????????????# " " " " " " " " | | ??????????????????## | | ??????????????????# | | ??????????????????#T | +----------------------------------------------------+ Best States ------------- Heat Dissipation 65 Coolant Potential 65 Energy Generation 21 Energy Capacity 300 Matter Stores 300 Matter Capacity 300 Sight Range 16 Robot Scan Range 16 Terrain Scan Density 10 Armor Coverage 450 Resistance: KI 30 Core Shielding 30 Phase Shifting 10 Evasion (%) 55 Core Analysis 6 Recoil Reduction 6 Authchip Count 4 Item Schematics ----------------- Plasma Cutter | -9/Storage | Hacked Adv. Treads | -9/Storage | Hacked Arm. Heavy Treads | -6/Factory | Scanalyzed Robot Schematics ------------------ None Fabricated ------------ Arm. Heavy Treads | x1 | -6/Factory | Preloaded, Authchip Hvy. Neutron Cannon | x1 | -6/Factory | Preloaded Adv. Treads | x2 | -6/Factory | Authchip Adv. Treads | x2 | -6/Factory | Authchip Repaired ---------- Nothing Studied --------- Mni. Grenade Launcher | -9/Materials | Hacked Hvy. Particle Cannon | -8/Materials | Hacked Assault Cannon | -8/Materials | Hacked Flak Cannon | -8/Materials | Hacked Adv. Assault Cannon | -6/Factory | Hacked Adv. Treads | -6/Factory | Hacked Alien Tech Used ----------------- None Achievements -------------- Bullet Installation Hot Goods Window Shopping Challenges ------------ None Game ------ Seed ThunderMultitargetingBeacon Manual? 0 Play Time 03:36:53 Cumulative 192.7 hours Start 2025.11.11 @ 10:43:27 End 2025.11.11 @ 16:20:05 Sessions 3 Manual Loads 0 Difficulty Rogue Special Mode None Game No. 63 Rogue 63 Adventurer 0 Explorer 0 Win Type - Total 2 Types 2/0/0/0/0/0/0/0/0/0 Lore% 61 Gallery% 61 Achievement% 44 Wizard Run 0 Options --------- Layout 1 ASCII 0 Keyboard 0 Movement Mouse Keybinds 0 Fullscreen 1 Font 32/Smallcaps Map View 50x35 Zoom Use 0% Tactical HUD 1 Map Filters NONE Filters NONE Steam 1 RUN: 2814b287-f4f7-4e03-88c0-f7757c40d974